woodfighter, neutral female human Wizard #Y -----@-.- |.......| |.{.....+ +#########........| |.....<.. --------- woodfighter the Thaumaturge Experience level: 6 Strength: 9 Dexterity: 10 Constitution: 12 Intelligence: 19 Wisdom: 19 Charisma: 10 Health: 0(46) Energy: 70(78) Def: 1 Gold: 1350 Moves: 3670 Dungeon seed: ycb_94g2N0zMuLVj Game ID: woodfighter_1454955317 Your Inventory: Coins $ - 1350 gold pieces Amulets D - a cursed amulet of strangulation Weapons a - a blessed +1 quarterstaff (weapon in hands) Armor e - an uncursed +0 cloak of magic resistance (being worn) n - a cursed +0 studded leather armor r - an uncursed +0 mummy wrapping Comestibles I - an uncursed lizard corpse M - an uncursed food ration O - an uncursed pear Scrolls g - 3 uncursed scrolls of teleportation j - an uncursed scroll of destroy armor p - an uncursed scroll of light q - 2 uncursed scrolls of scare monster t - an uncursed scroll of identify A - a cursed scroll of teleportation C - a blessed scroll of destroy armor E - an uncursed scroll of create monster F - a blessed scroll of stinking cloud Spellbooks b - a blessed spellbook of force bolt c - an uncursed spellbook of knock s - an uncursed spellbook of cure blindness u - an uncursed spellbook of cone of cold v - an uncursed spellbook of slow monster L - an uncursed spellbook of sleep Potions h - an uncursed potion of fruit juice w - an uncursed potion of see invisible B - a cursed potion of healing G - a cursed potion of speed H - an uncursed potion of sleeping Rings f - an uncursed ring of levitation Wands d - a wand of nothing (0:6) k - a wand of enlightenment (0:14) x - a wand of enlightenment (0:12) K - a wand of undead turning (0:6) Spells and supernatural/magical abilities: Name Level Category Fail Memory a - force bolt 1 attack 0% 82% k - knock 1 matter 0% 82% W - pray for help -- divine ? -- Your skills at the end: Miscellaneous Skills wands [Basic] Weapon Skills quarterstaff [Basic] Spellcasting Skills attack spells [Skilled] enchantment spells [Basic] Final Attributes: You were devoutly aligned. You were poison resistant. You were magic-protected. You are dead. Vanquished creatures: a leprechaun a lizard an imp 2 rock piercers a yellow light 2 kobold mummies 3 floating eyes a kitten an iguana a rothe 2 rabid rats a giant bat a wererat 10 killer bees a gas spore a giant rat 4 cave spiders 2 brown molds a gnome a gnome zombie 10 jackals 5 newts a goblin 4 sewer rats 3 grid bugs 5 lichens 66 creatures vanquished. Voluntary challenges: You did not adorn yourself with jewelry or accessories. You had been an atheist until turn 2719. You used a wielded weapon 24 times, starting on turn 37. You did not apply a unicorn horn. You were illiterate. You never genocided any monsters. You never polymorphed an object. You never changed form. You used no wishes. You never split a pudding. You never wrote Elbereth's name. You never violated your personal moral code. Dungeon overview: The Dungeons of Doom: levels 1 to 8 Level 1 a fountain a long staircase Level 2 a fountain Level 3 a fountain Level 4 a wand shop, a sink stairs to The Gnomish Mines Level 5 Level 6 a fountain, some sinks Level 7 some fountains Level 8 <- You were here a fountain The Gnomish Mines: Level 5 stairs to The Dungeons of Doom History has recorded: On T:1 you entered the Dungeons of Doom to retrieve the Amulet of Yendor! On T:426 you reached level 2 of The Dungeons of Doom. On T:768 you advanced to experience level 2. On T:777 you reached level 3 of The Dungeons of Doom. On T:954 you reached level 4 of The Dungeons of Doom. On T:1287 you advanced to experience level 3. On T:1374 you reached level 1 of The Gnomish Mines. On T:1644 you reached level 5 of The Dungeons of Doom. On T:2106 you reached level 6 of The Dungeons of Doom. On T:2118 you advanced to experience level 4. On T:2713 you advanced to experience level 5. On T:2765 you advanced to experience level 6. On T:2825 you reached level 7 of The Dungeons of Doom. On T:3405 you reached level 8 of The Dungeons of Doom. Score breakdown: Gold: 1350 ( 135 points) Experience: 6 levels ( 500 points) Exploration: 8 levels ( 210 points) Discoveries: 0 items ( 0 points) Variety of kills: 26 monsters ( 1300 points) Major goal: (nothing yet) ( 0 points) Survival: died (score multiplied by 3) Total score: 6435 Latest messages: The spell misses the yeti. The yeti claws you! (2x) The yeti bites! The yeti claws you! (2x) The yeti bites! You die... Final status: Goodbye woodfighter the Wizard, killed by a yeti... You died in The Dungeons of Doom on dungeon level 8 with 6435 points, and 1350 pieces of gold, after 3670 moves. You were level 6 with a maximum of 46 hit points when you died.